cohdb
Replays
Latest Replays
All Replays
Popular Replays
Top Player Replays
Match Explorer
How It Works
Community
CoH3 Stats
Reddit
Sign in to upload your games and track your stats! →
Sign in with Steam
Match 45975910
Unlisted
Match 45975910
Overview
Messages
Build Orders
End
Panzergrenadier Squad
Selects Italian Infantry
Kradschützen Motorcycle Team
Panzergrenadier Squad
Construct Light Support Kompanie
MG34 Team
Fire Support Elements
Veteran Squad Leaders
Selects Defensive Operations
Panzergrenadier Squad
2.5-tonne Medical Truck
Construct Panzerarmee Kommand
Flak 36 Anti-tank Gun Team
Walking Stuka Rocket Launcher
Selects Guastatori Squad
Selects Registered Artillery
Selects Towed Cannone da 105/28 Field Howitzer
Panzer III L Medium Tank
Panzer III L Medium Tank
Selects Prepared Positions
Panzer III L Medium Tank
Tungsten Core Ammunition
Registered Artillery
Panzer III L Medium Tank
Panzer III L Medium Tank
Panzer III L Medium Tank
Selects Obice 305mm Barrage
Flak 36 Anti-tank Gun Team
Registered Artillery
Obice 305mm Barrage
Panzergrenadier Squad
Assault Mechanized Group
Registered Artillery
SigPi87
War Pig
Kenzelo
Comitatys376
dinamix.fr
seb
AxiosGorilla
saeed779911
0
0
Comments
sign in to comment!
No comments posted yet!